 Dungeon Crawl Stone Soup version 0.28.0-43-g3370ac3207 (webtiles) character file.

Game seed: 11378161750946767527

20801 4FPSwarrior the Fighter (level 12, -6/175 HPs)
             Began as a Naga Warper on Mar 21, 2022.
             Was an Elder of Cheibriados.
             Mangled by a blink frog (11 damage)
             ... on level 3 of the Lair of Beasts on Mar 26, 2022.
             The game lasted 01:16:42 (19595 turns).

4FPSwarrior the Fighter (Naga Warper)              Turns: 19595, Time: 01:16:43

Health: -6/175     AC: 33    Str: 25    XL:     12   Next: 83%
Magic:  2/16       EV:  1    Int: 23    God:    Cheibriados [****..]
Gold:   980        SH:  5    Dex: 22    Spells: 2/16 levels left

rFire   . . .      SeeInvis +   b - +3 halberd (protect)
rCold   . . .      Faith    .   (shield currently unavailable)
rNeg    . . .      Spirit   .   (armour currently unavailable)
rPois   +          Reflect  +   (helmet currently unavailable)
rElec   .          Harm     .   (cloak currently unavailable)
rCorr   .          Rampage  .   (gloves currently unavailable)
Will    ++...      NoTele   +   (no barding)
Stlth   ++........              m - amulet of reflection
HPRegen 0.39/turn               i - ring of willpower
MPRegen 0.15/turn               (no ring)

@: tree-form, under a protective aura, very slow
A: stationary, stasis, torment immunity, boosted hp, AC +4, large, see
invisible, (deformed body), (poison resistance), (slowness 2), spit poison 1,
(naga tail 1)
a: Spit Poison, Renounce Religion, Bend Time, Temporal Distortion, Slouch


You were on level 3 of the Lair of Beasts.
You worshipped Cheibriados.
Cheibriados was greatly pleased with you.
You were a tree.
You visited 3 branches of the dungeon, and saw 14 of its levels.
You also visited: Sewer and Ossuary.

You collected 980 gold pieces.

Inventory:

Hand Weapons
 a - a +0 shortbow
 b - a +3 halberd of protection (weapon)
 P - a +2 spear of venom
 U - the +7 spear of Defence {vorpal, rPois rN+++ Int-2 SInv}
   (You found it on level 2 of the Lair of Beasts)

   It inflicts extra damage upon your enemies.
   Int:       It affects your intelligence (-2).
   rPois:     It protects you from poison.
   rN:        It renders you almost immune to negative energy.
   SInv:      It lets you see invisible.
Missiles
 d - 3 boomerangs
 r - 346 arrows
 B - 18 poisoned darts
 E - 2 curare-tipped darts
 I - 2 throwing nets
Armour
 c - a +2 helmet (melded)
 h - a +2 robe of cold resistance (melded)
 D - +0 steam dragon scales
 Q - the +16 plate armour "Aruulailia" {+Blink rN+ Int+4}
   (You found it on level 8 of the Dungeon)

   Int:       It affects your intelligence (+4).
   rN:        It protects you from negative energy.
   +Blink:    It lets you blink.
Jewellery
 i - a ring of willpower (left branch)
 m - an amulet of reflection (around neck)
 q - an amulet of magic regeneration
 T - an amulet of guardian spirit
Wands
 k - a wand of polymorph (4)
 O - a wand of flame (24)
 R - a wand of iceblast (13)
Scrolls
 e - a scroll of fog
 f - 8 scrolls of immolation
 g - 2 scrolls of fear {unknown}
 j - a scroll of enchant armour
 l - 6 scrolls of vulnerability
 s - 2 scrolls of acquirement {unknown}
 u - 4 scrolls of amnesia
 F - 2 scrolls of brand weapon {unknown}
 K - 2 scrolls of magic mapping
 M - a scroll of silence {unknown}
 N - 2 scrolls of noise {unknown}
 S - 2 scrolls of teleportation {unknown}
Potions
 o - 3 potions of flight
 t - 3 potions of lignification
 x - 2 potions of heal wounds {unknown}
 z - 3 potions of mutation
 A - 2 potions of magic
 C - a potion of attraction
 G - a potion of might {unknown}
 H - 2 potions of cancellation {unknown}
 J - a potion of resistance {unknown}


   Skills:
 * Level 10.5 Fighting
 - Level 4.8(6.8) Axes
 + Level 7.4(8.1) Polearms
 + Level 7.4 Bows
 - Level 0.8 Throwing
 + Level 2.8 Armour
 + Level 3.2 Dodging
 + Level 2.5 Spellcasting
 + Level 2.7 Hexes
 + Level 9.3 Translocations
 - Level 6.2 Poison Magic
 + Level 6.1 Invocations
 + Level 5.0 Evocations


You had 2 spell levels left.
You knew the following spells:

 Your Spells              Type           Power      Damage    Failure   Level
a - Apportation           Tloc           92%        N/A       1%          1
b - Blink                 Tloc           92%        N/A       1%          2
c - Alistair's Intoxicat  Tmut/Pois      11%        N/A       67%         5
d - Portal Projectile     Hex/Tloc       60%        N/A       3%          3
e - Mephitic Cloud        Conj/Pois/Air  12%        N/A       16%         3

Your spell library contained the following spells:

 Spells                   Type           Power      Damage    Failure   Level
 Slow                     Hex            60%        N/A       4%          1
 Magic Dart               Conj           8%         1d3       12%         1
 Call Imp                 Summ           2%         N/A       19%         2
 Gell's Gravitas          Tloc           46%        N/A       1%          3
 Lesser Beckoning         Tloc           46%        N/A       1%          3
 Teleport Other           Tloc           46%        N/A       1%          3
 Manifold Assault         Tloc           46%        N/A       7%          5
 Confusing Touch          Hex            15%        N/A       12%         3
 Call Canine Familiar     Summ           2%         N/A       36%         3
 Vampiric Draining        Necr           2%         2d6       36%         3
 Leda's Liquefaction      Hex/Erth       4%         N/A       56%         4


Dungeon Overview and Level Annotations

Branches:
Dungeon (10/15)            Temple (1/1) D:7            Lair (3/6) D:9
  Sewer (visited)         Ossuary (visited)
  Swamp: Lair:2-4    Shoals: Lair:2-4     Snake: Lair:2-4    Spider: Lair:2-4
    Orc: D:9-12

Altars:
Ashenzari
Cheibriados
Dithmenos
Elyvilon
Fedhas
Gozag
Hepliaklqana
Kikubaaqudgha
Makhleb
Nemelex Xobeh
Okawaru
Qazlal
Ru
Sif Muna
Trog
Uskayaw
Vehumet
Wu Jian
Xom
Yredelemnul
Zin
The Shining One

Shops:
D:3 [

Annotations:
D:4 3 runed translucent doors, CryoSword's ghost, amateur GnHu
D:6 1 runed translucent door, Crazy Yiuf
D:8 1 runed translucent door, Quickbrownfox's ghost, novice DsIE
Lair:3 exclusion: oklob plant


Innate Abilities, Weirdness & Mutations

You are a tree.
Your roots penetrate the ground, keeping you stationary.
You cannot be teleported.
You are immune to unholy pain and torment.
Your maximum health is greatly increased.
Your equipment is partially melded.
((Your serpentine skin is tough. (AC +4)))
You have supernaturally acute eyesight. (SInv)
((Armour fits poorly on your strangely shaped body.))
((Your system is resistant to poisons. (rPois)))
((You cover ground very slowly.))
You can spit poison.
((You have a snake-like lower body.))


Message History

You kill the blink frog!
Cheibriados thoroughly appreciates the change of pace.
Cheibriados lowers the support of your attributes as your movement quickens.
A blink frog comes into view.
Your Invocations skill increases to level 6!
Your Evocations skill increases to level 5!
Aiming: Spit Poison (1% risk of failure)
Press: ? - help, Q - select action, (/) - cycle Shift-Dir - straight line, f - yak
Aim: a yak (lightly wounded, 78% to hit)
The splash of poison hits the yak!
The yak is poisoned.
The yak is moderately wounded.
The blink frog gives a loud, deep croak!
You hear an angry growl.
A blink frog comes into view.
It was a potion of lignification.
You turn into a tree.
Your +2 helmet melds into your body.
Your +2 robe of cold resistance melds into your body.
You feel less resistant to cold.
Your roots penetrate the ground.
The yak gores you but does no damage.
Okay, then.
You hit the yak but do no damage.
Your weapon exudes an aura of protection.
The yak is severely wounded.
You have got your breath back.
The yak gores you but does no damage. x2
Unknown command.
You puncture the yak!
You kill the yak!
Cheibriados appreciates the change of pace.
The yak gores you but does no damage.
Unknown command.
Aiming: Iceblast
Press: ? - help, Shift-Dir - straight line, p - yak The mass of ice explodes!
The iceblast engulfs the blink frog!!
The blink frog is heavily wounded.
The iceblast engulfs the yak!
The yak is heavily wounded.
You hear a loud, deep croak!
You block the yak's attack. The blink frog hits you!
You die...

..# ................... ....
P....#.............. ...≈≈
......#.............. ...≈≈
...................... ...≈#
#≈.......#................ ...≈
#≈.#......................
...≈###≈.P...D$$..†.............
...≈≈P#≈......Y#FY..............
...≈≈≈≈≈.#.....#♣†..............
.........#....P#................
................................
................................
................................
................................
................................
................................
.....#......###..†..............


You could see a yak (poisoned) and a blink frog.

Vanquished Creatures
  Fannar (Lair:3)
  A hydra (Lair:3)
  2 two-headed ogres
  3 black mambas
  A gargoyle (D:10)
  3 cane toads
  4 komodo dragons
  A rime drake (Lair:1)
  5 blink frogs (Lair:3)
  A wraith (D:10)
  10 wyverns
  A spriggan (D:10)
  34 yaks
  A basilisk (Lair:2)
  A steam dragon (D:7)
  An acid dragon (D:9)
  10 water moccasins
  4 orc warriors
  2 ice beasts
  A sky beast (D:7)
  4 black bears
  4 necrophages
  3 ogres
  2 wolves
  10 centaurs
  4 phantoms
  2 kobold brigands
  Blork the orc (D:6)
  13 bullfrogs
  2 scorpions
  A gnoll sergeant (D:5)
  A wyvern skeleton (D:6)
  2 water moccasin skeletons (D:4)
  6 killer bees
  4 wights (D:8)
  2 bullfrog zombies
  3 centaur zombies
  A jelly (D:6)
  3 hounds
  A centaur skeleton (D:6)
  4 orc priests
  2 gnoll shamans
  9 iguanas
  Ijyb (D:3)
  8 orc wizards
  2 killer bee zombies (D:8)
  8 mummies (Ossuary)
  A howler monkey zombie (D:7)
  Robin (D:2)
  17 gnolls
  4 adders
  A river rat (D:4)
  A shadow imp (D:8)
  A white imp (D:8)
  2 ufetubi (D:5)
  3 worms (D:4)
  3 dart slugs
  25 orcs
  5 bats
  8 endoplasms
  6 giant cockroaches
  9 goblins
  10 hobgoblins
  4 jackals (D:5)
  4 quokkas
  5 ball pythons
  2 frilled lizards (D:1)
  A jackal zombie (D:7)
  17 kobolds
  3 kobold zombies (Ossuary)
  5 orc zombies (Ossuary)
  9 rats
337 creatures vanquished.

Vanquished Creatures (others)
  An angel (D:3)
  A kobold (D:3)
  31 fungi
  28 plants
61 creatures vanquished.

Grand Total: 398 creatures vanquished

Notes
Turn   | Place    | Note
-------+----------+-------------------------------------------
     0 | D:1      | 4FPSwarrior the Naga Warper began the quest for the Orb.
     0 | D:1      | Reached XP level 1. HP: 19/19 MP: 3/3
   452 | D:1      | Reached XP level 2. HP: 19/26 MP: 5/5
   603 | D:1      | Found a faded altar of an unknown god.
  1210 | D:2      | Reached XP level 3. HP: 30/33 MP: 6/6
  1255 | D:2      | Learned a level 1 spell: Apportation
  1258 | D:2      | Learned a level 2 spell: Blink
  1988 | D:2      | Noticed Robin
  2041 | D:2      | HP: 1/33 [Robin/+0 trident (7)]
  2050 | D:2      | Killed Robin
  2051 | D:2      | Reached XP level 4. HP: 10/40 MP: 4/7
  2560 | D:3      | Noticed a centaur
  2602 | D:3      | Killed a centaur
  2603 | D:3      | Reached skill level 3 in Fighting
  2603 | D:3      | Reached XP level 5. HP: 25/49 MP: 8/8
  2795 | D:3      | Found a shimmering altar of Xom.
  2805 | D:3      | Noticed an angel
  2821 | D:3      | Found a glowing silver altar of Zin.
  2964 | D:3      | Noticed Ijyb
  2978 | D:3      | Killed Ijyb
  3196 | D:3      | Found Kithrerch's Antique Armour Emporium.
  3309 | D:3      | Killed an angel
  3425 | D:4      | Reached skill level 1 in Bows
  3425 | D:4      | Reached XP level 6. HP: 54/57 MP: 9/9
  3613 | D:4      | Reached skill level 4 in Fighting
  3774 | D:4      | Found a glowing drain.
  3922 | Sewer    | Entered a sewer
  4031 | D:4      | Found a shimmering blue altar of Sif Muna.
  4098 | D:4      | Found a runed translucent gate.
  4098 | D:4      | Found a runed translucent gate.
  4098 | D:4      | Found a runed translucent gate.
  4119 | D:4      | Noticed CryoSword's ghost (amateur GnHu)
  4129 | D:4      | Reached XP level 7. HP: 31/64 MP: 10/10
  4462 | D:4      | Found a blossoming altar of Fedhas.
  4563 | D:4      | Reached skill level 5 in Translocations
  4665 | D:5      | Entered Level 5 of the Dungeon
  5629 | D:5      | Reached skill level 1 in Polearms
  5629 | D:5      | Reached XP level 8. HP: 13/73 MP: 11/11
  5640 | D:5      | Reached skill level 5 in Fighting
  7004 | D:5      | Reached skill level 6 in Fighting
  7004 | D:5      | Reached XP level 9. HP: 44/82 MP: 8/12
  7775 | D:6      | Found a bloodstained altar of Trog.
  7782 | D:6      | Noticed Blork the orc
  7788 | D:6      | Killed Blork the orc
  7833 | D:6      | Reached skill level 5 in Bows
  8045 | D:6      | Learned a level 5 spell: Alistair's Intoxication
  8164 | D:6      | Found a runed translucent door.
  8165 | D:6      | Noticed Crazy Yiuf
  8232 | D:6      | Reached skill level 1 in Poison Magic
  8403 | D:7      | Found a staircase to the Ecumenical Temple.
  8412 | Temple   | Entered the Ecumenical Temple
  8467 | Temple   | Became a worshipper of Cheibriados the Contemplative
  8559 | D:7      | Found a sand-covered staircase.
  8573 | Ossuary  | Entered an ossuary
  9139 | D:7      | Reached skill level 7 in Fighting
  9139 | D:7      | Reached skill level 1 in Invocations
  9270 | D:7      | Reached * piety under Cheibriados
  9271 | D:7      | Reached skill level 5 in Polearms
  9271 | D:7      | Reached XP level 10. HP: 69/94 MP: 11/13
 10121 | D:8      | Found a burning altar of Makhleb.
 10157 | D:8      | Reached ** piety under Cheibriados
 10644 | D:8      | Identified the +16 plate armour "Aruulailia" {+Blink rN+
                  | Int+4}
 10892 | D:8      | Found a white marble altar of Elyvilon.
 11072 | D:8      | Found a runed translucent door.
 11074 | D:8      | Noticed Quickbrownfox's ghost (novice DsIE)
 11196 | D:8      | Reached *** piety under Cheibriados
 11232 | D:9      | Noticed a two-headed ogre
 11241 | D:8      | Reached skill level 1 in Evocations
 11374 | D:9      | Reached skill level 8 in Fighting
 12202 | D:9      | Reached XP level 11. HP: 60/104 MP: 14/14
 12220 | D:9      | Reached skill level 5 in Poison Magic
 12539 | D:9      | Killed a two-headed ogre
 12749 | D:9      | Reached **** piety under Cheibriados
 13011 | D:9      | Found a staircase to the Lair.
 13189 | D:9      | Found a glowing golden altar of the Shining One.
 13268 | D:9      | Found a hazy altar of Hepliaklqana.
 13289 | D:10     | Entered Level 10 of the Dungeon
 13293 | D:10     | Identified the +0 pair of boots of the Cuttlefish {rF+
                  | rCorr}
 13480 | D:10     | Reached skill level 9 in Fighting
 14033 | D:10     | Noticed a two-headed ogre
 14046 | D:10     | Killed a two-headed ogre
 14508 | Lair:1   | Entered Level 1 of the Lair of Beasts
 14763 | Lair:1   | Reached skill level 1 in Armour
 14763 | Lair:1   | Reached skill level 5 in Invocations
 15020 | Lair:1   | Reached ***** piety under Cheibriados
 15121 | Lair:1   | Learned a level 3 spell: Portal Projectile
 15293 | Lair:1   | Reached XP level 12. HP: 76/116 MP: 15/15
 15418 | Lair:1   | Reached skill level 1 in Hexes
 15419 | Lair:1   | Identified the +0 leather armour of Mental Paralysis
                  | {Int+3}
 16184 | Lair:2   | Identified the +4 war axe of Omununuo {vorpal, Will- Dex+4
                  | Stlth+}
 16689 | Lair:2   | Identified the +7 spear of Defence {vorpal, rPois rN+++
                  | Int-2 SInv}
 16712 | Lair:2   | Reached skill level 10 in Fighting
 16984 | Lair:2   | Found a burning altar of Makhleb.
 17541 | Lair:3   | Noticed a four-headed hydra
 17696 | Lair:3   | Noticed Fannar
 17717 | Lair:3   | Killed Fannar
 18006 | Lair:3   | Learned a level 3 spell: Mephitic Cloud
 18112 | Lair:3   | Noticed a six-headed hydra
 19087 | Lair:2   | Found a burning altar of Makhleb.
 19589 | Lair:3   | HP: 1/117 [seven-headed hydra (6)]
 19590 | Lair:3   | Killed a seven-headed hydra
 19591 | Lair:3   | Reached skill level 5 in Evocations
 19595 | Lair:3   | Mangled by a blink frog

Illustrated notes

Levels and vault maps discovered:
D:1:      dpeg_arrival_stone_temple_mockup, layout_basic,
          chequers_ecumenical_altar_lobes
D:2:      layout_loops_ring, minmay_cut_off, uniq_robin
D:3:      layout_rooms, grunt_temple_overflow_order_and_chaos_1, serial_shops,
          shop, grunt_ministairs_2, st_stairs_10, bh_walls_and_bars, uniq_ijyb
D:4:      layout_cave_pools, mainiacjoe_overflow_small_starburst,
          fedhas_altar_3, gammafunk_ghost_split, serial_rivers,
          chequers_serial_rivers_large_a, chequers_serial_rivers_room_a,
          chequers_serial_rivers_small_a, chequers_serial_rivers_small_b,
          chequers_serial_rivers_micro_c, chequers_serial_rivers_marsh,
          portal_sewer_entry_e, minmay_stone_trees_small
D:5:      cheibrodos_barr_body, layout_basic
D:6:      layout_loops_cross, old_standard_altar, uniq_crazy_yiuf_cottage,
          uniq_blork_the_orc
D:7:      layout_basic, minmay_temple_entry_trees, enter_ossuary_3
D:8:      layout_gridville, mainiacjoe_overflow_chevrons, amcnicky_altar_gilded,
          ebering_ghost_reflecting_pool
D:9:      layout_cave_pools, kennysheep_mini_moat, nicolae_tso_carved_into_rock,
          minmay_lair_entry_grove
D:10:     layout_roguey, the_hattery
Temple:   dshaligram_water_room_temple
Lair:1:   layout_regular_city, serial_bayou_shore_b
Lair:2:   layout_chaotic_city, lemuel_centaur_altar
Lair:3:   minmay_lair_oklob_chamber, layout_gridlike, dummy_snake_entry,
          uniq_fannar

Skill      XL: |  1  2  3  4  5  6  7  8  9 10 11 12 |
---------------+-------------------------------------+-----
Fighting       | 3 4 6 7 8 9 10 | 10.5
Axes           | 3 4 |  4.8
Translocations | 4 5 6 7 8 9 |  9.3
Bows           | 1 2 3 4 5 6 7 |  7.4
Polearms       | 1 3 5 6 7 |  7.4
Poison Magic   | 2 4 6 |  6.2
Invocations    | 1 3 5 6 |  6.1
Evocations     | 2 4 5 |  5.0
Armour         | 1 2 |  2.8
Dodging        | 2 3 |  3.2
Hexes          | 2 |  2.7
Throwing       | |  0.8
Spellcasting   | |  2.5

Action                   |  1- 3 |  4- 6 |  7- 9 | 10-12 || total
-------------------------+-------+-------+-------+-------++-------
Melee: Hand axe          |   102 |   157 |    14 |       ||   273
       Punch             |     1 |     1 |     1 |       ||     3
       Halberd           |       |       |   364 |   713 ||  1077
       Spear             |       |       |       |    12 ||    12
 Fire: Shortbow          |       |    31 |    91 |    82 ||   204
Throw: Dart              |     3 |     4 |     9 |       ||    16
       Boomerang         |     3 |     2 |       |       ||     5
 Cast: Blink             |     1 |       |    15 |    10 ||    26
       Apportation       |       |       |     3 |       ||     3
       Mephitic Cloud    |       |       |       |     2 ||     2
Invok: Bend Time         |       |       |       |     5 ||     5
       Slouch            |       |       |       |     4 ||     4
       Temporal Distorti |       |       |       |     2 ||     2
 Abil: Spit Poison       |    17 |    16 |    40 |    85 ||   158
Evoke: Wand              |       |     1 |     4 |    13 ||    18
  Use: Scroll            |     2 |     2 |     8 |     5 ||    17
       Potion            |     2 |     1 |     3 |     6 ||    12
 Stab: Invisible         |       |       |       |     3 ||     3
Armor: Leather armour    |     7 |    69 |   242 |    50 ||   368
       Ring mail         |    38 |    30 |       |       ||    68
       Plate armour      |       |       |       |   712 ||   712
       Robe              |       |       |       |    49 ||    49
       Skin              |       |       |       |     4 ||     4
Dodge: Dodged            |    49 |    74 |   237 |   299 ||   659
Block: Other             |       |    39 |   119 |   241 ||   399
       Reflection        |       |       |     3 |     9 ||    12
